 Dungeon Crawl Stone Soup version 0.29-a0-96-g93358da72b (webtiles) character file.

Game seed: 7958645596706783113

16 Gargoyl the Skirmisher (level 2, -4/20 HPs)
             Began as a Gargoyle Abyssal Knight on Feb 12, 2022.
             Was a Follower of Lugonu.
             Slain by a kobold (7 damage)
             ... on level 1 of the Dungeon.
             The game lasted 00:00:19 (413 turns).

Gargoyl the Skirmisher (Gargoyle Abyssal Knight)     Turns: 413, Time: 00:00:20

Health: -4/20      AC:  6    Str: 16    XL:     2   Next: 54%
Magic:  3/3        EV: 11    Int: 10    God:    Lugonu [*.....]
Gold:   19         SH:  0    Dex: 10    Spells: 1/1 levels left

rFire   . . .      SeeInvis .   a - +1 hand axe
rCold   . . .      Faith    .   (no shield)
rNeg    + . .      Spirit   .   b - +0 leather armour
rPois   ∞          Reflect  .   (no helmet)
rElec   +          Harm     .   (no cloak)
rCorr   .          Rampage  .   (no gloves)
Will    .....                   (no boots)
Stlth   +.........              (no amulet)
HPRegen 0.06/turn               (no ring)
MPRegen 0.08/turn               (no ring)

@: no status effects
A: sickness immunity, AC +2, negative energy resistance 1, electricity
resistance, torment resistance 1, petrification resistance
a: Renounce Religion, Depart the Abyss


You were on level 1 of the Dungeon.
You worshipped Lugonu.
Lugonu was aware of your devotion.
You visited 1 branch of the dungeon, and saw 1 of its levels.
You visited the Abyss 1 time.

You collected 19 gold pieces.

Inventory:

Hand Weapons
 a - a +1 hand axe (weapon)
Armour
 b - a +0 leather armour (worn)


   Skills:
 + Level 3.9 Fighting
 + Level 2.0 Axes
 + Level 2.3 Armour
 + Level 0.7 Dodging
 + Level 2.0 Invocations


You had one spell level left.
You didn't know any spells.
Your spell library was empty.

Dungeon Overview and Level Annotations

Branches:
Dungeon (1/15)

Altars:


Innate Abilities, Weirdness & Mutations

You are immune to sickness and miasma.
Your stone body is resilient. (AC +2)
You are immune to poison.
You resist negative energy. (rN+)
You are resistant to electric shocks. (rElec)
You are resistant to unholy torment.
You are immune to petrification.


Message History

There are monsters nearby!
There are monsters nearby!
The dart slug closely misses you. The kobold hits you with a +4 dagger.
You hit the kobold but do no damage. You hit the dart slug.
The kobold hits you with a +4 dagger.
Unknown command.
You hit the dart slug.
The dart slug is severely wounded.
You hit the kobold but do no damage. The dart slug closely misses you.
The kobold hits you with a +4 dagger.
* * * LOW HITPOINT WARNING * * *
You hit the dart slug.
The dart slug is almost dead.
You closely miss the kobold. The kobold barely misses you.
The dart slug misses you.
Unknown command.
You barely miss the dart slug.
The dart slug is almost dead.
You barely miss the kobold. The kobold barely misses you.
The dart slug bites you but does no damage.
Unknown command.
You completely miss the dart slug.
The dart slug is almost dead.
You closely miss the kobold. The kobold hits you but does no damage.
The dart slug launches a dart at you. The slug dart misses you.
The kobold hits you with a +4 dagger.
* * * LOW HITPOINT WARNING * * *
Unknown command.
You hit the dart slug.
You kill the dart slug!
Lugonu accepts your kill.
You closely miss the kobold. The kobold hits you but does no damage.
Your Axes skill increases to level 2!
Unknown command.
You hit the kobold but do no damage. The kobold hits you but does no damage.
You closely miss the kobold. The kobold closely misses you.
You hit the kobold.
The kobold is severely wounded.
The kobold hits you with a +4 dagger!
You die...

.. ... .. ..#
######.### #.#
......... ###.###
......#.# #.....# ##
#........ #.....## #.
+.K....#
#.._...##.##.#+#@†..#
......(....#....##.##
#.....###..##.#..# #
##.........##.#..#
##.#####.#.##.#....
.........#..#.#..#.#
##.#.....#..#.#....#
#.#.#####..#.#.####
#........)...#..


You could see a kobold.

Vanquished Creatures
  2 dart slugs (D:1)
  4 endoplasms (D:1)
  2 goblins (D:1)
  A quokka (D:1)
  A rat (D:1)
10 creatures vanquished.

Notes
Turn   | Place    | Note
-------+----------+-------------------------------------------
     0 | Abyss:1  | Gargoyl the Gargoyle Abyssal Knight began the quest for the
                  | Orb.
     0 | Abyss:1  | Reached XP level 1. HP: 14/14 MP: 2/2
     3 | D:1      | Escaped the Abyss
    20 | D:1      | Found a faded altar of an unknown god.
   237 | D:1      | Reached XP level 2. HP: 19/20 MP: 3/3
   263 | D:1      | Reached * piety under Lugonu
   413 | D:1      | Slain by a kobold

Illustrated notes

Levels and vault maps discovered:
D:1:      minmay_arrival_three_doors, layout_basic,
          ebering_ecumenical_altar_sacrificial, serial_shops,
          nicolae_shop_behind_doors, kennysheep_decorative_pillar,
          ebering_dispersal_statue_hall

Skill      XL: |  1  2 |
---------------+-------+-----
Axes           | 2 |  2.0
Fighting       | |  3.9
Armour         | |  2.3
Dodging        | |  0.7
Invocations    | |  2.0

Action                   || total
-------------------------++-------
Melee: Hand axe          ||    39
Invok: Depart the Abyss  ||     1
Armor: Leather armour    ||    16
Dodge: Dodged            ||    20

Table legend: (Time is in decaauts)
 A = Elapsed time spent in this place.
 B = Non-inter-level travel time spent in this place.
 C = Inter-level travel time spent in this place.
 D = Time resting spent in this place.
 E = Time spent auto-exploring this place.
 F = Levels seen in this place.
 G = Mean time per level.
                   A        B        C        D        E       F      G
               +--------+--------+--------+--------+--------+-----+--------+
         Total |    420 |    420 |      0 |      0 |    341 |   2 |  210.0 |
       Dungeon |    417 |    417 |      0 |      0 |    339 |   1 |  417.0 |
         Abyss |      3 |      3 |      0 |      0 |      2 |   1 |    3.0 |
               +--------+--------+--------+--------+--------+-----+--------+

Top non-repeatable levels by time:
     D:1: 417 daAuts
 Abyss:1: 3 daAuts
